 Dungeon Crawl Stone Soup version 0.26-a0-651-gb41185065b (webtiles) character file.

Game seed: 16087916287685814290

153178 Flugslaktarn the Severer (level 16, 0/240 HPs)
             Began as a Deep Dwarf Fighter on Oct 6, 2020.
             Was the Champion of Makhleb.
             Slain by a snapping turtle (11 damage)
             ... on level 4 of the Shoals.
             The game lasted 00:16:13 (16514 turns).

Flugslaktarn the Severer (Deep Dwarf Fighter)      Turns: 16514, Time: 00:16:13

Health: 0/240      AC: 26    Str: 30    XL:     16   Next: 75%
Magic:  1/1        EV: 10    Int: 10    God:    Makhleb [******]
Gold:   1619       SH: 20    Dex: 12    Spells: 15/15 levels left

rFire    + + .     SeeInvis .   J - +2 broad axe
rCold    . . .     Faith    +   A - +0 tower shield (curse)
rNeg     + . .     Spirit   .   s - +2 plate armour
rPois    +         Reflect  .   g - +2 hat {MR+}
rElec    .         Harm     .   v - +0 cloak
rCorr    .         Rampage  .   a - +2 pair of gloves
MR       +++++                  y - +0 pair of boots
Stlth    ..........             j - amulet of faith
HPRegen  0.00/turn              B - ring "Otoph" {*Drain +Fly rF+ MR++ EV+4}
MPRegen  0.07/turn              G - ring "Fetic" {rPois rF+ Str+4}

@: berserking (expiring), lethally poisoned (0 -> 0), non-regenerating, quick
A: damage resistance, heal wounds, negative energy resistance 1, sense
surroundings 2, no regeneration
}: 1/15 runes: gossamer
a: Heal Wounds, Minor Destruction, Lesser Servant of Makhleb, Major Destruction,
Greater Servant of Makhleb, Renounce Religion, Evoke Flight


You were on level 4 of the Shoals.
You worshipped Makhleb.
Makhleb was exalted by your worship.
You visited 6 branches of the dungeon, and saw 29 of its levels.

You collected 2479 gold pieces.
You spent 860 gold pieces at shops.

Inventory:

Hand Weapons
 u - a +1 dagger of distortion
   (You took it off Maurice on level 13 of the Dungeon)
 J - a +2 broad axe (weapon)
   (You bought it in a shop on level 2 of the Orcish Mines)
Missiles
 e - 5 throwing nets (quivered)
Armour
 a - a +2 pair of gloves (worn)
   (You found it on level 9 of the Dungeon)
 c - a +0 kite shield
 g - a +2 hat of magic resistance (worn)
   (You found it on level 6 of the Dungeon)
 s - a +2 plate armour (worn)
   (You took it off an orc warrior on level 6 of the Dungeon)
 v - a +0 cloak (worn)
   (You took it off Maurice on level 13 of the Dungeon)
 y - a +0 pair of boots (worn)
   (You found it on level 13 of the Dungeon)
 A - a cursed +0 tower shield (worn)
   (You took it off a vault guard on level 14 of the Dungeon)
Jewellery
 j - an amulet of faith (around neck)
   (You found it on level 12 of the Dungeon)
 m - an uncursed ring of protection from magic
   (You found it on level 2 of the Lair of Beasts)
 n - an uncursed ring of magical power {unknown}
   (You found it on level 3 of the Shoals)
 B - the ring "Otoph" (left hand) {*Drain +Fly rF+ MR++ EV+4}
   (You bought it in a shop on level 8 of the Dungeon)

   [ring of evasion]

   It affects your evasion (+4).
   It protects you from fire.
   It affects your resistance to hostile enchantments.
   It lets you fly.
   It causes draining when unequipped.
 G - the ring "Fetic" (right hand) {rPois rF+ Str+4}
   (You acquired it on level 2 of the Lair of Beasts)

   [ring of poison resistance]

   It affects your strength (+4).
   It protects you from fire.
   It protects you from poison.
Wands
 D - a wand of digging (14)
   (You took it off an orc warrior on level 14 of the Dungeon)
 F - a wand of paralysis (9)
   (You found it on level 1 of the Spider Nest)
 H - a wand of iceblast (11)
   (You took it off Erolcha on level 1 of the Orcish Mines)
Scrolls
 d - a scroll of silence
 f - 6 scrolls of fog
 o - a scroll of immolation
 p - 3 scrolls of magic mapping
 r - 4 scrolls of identify
 t - 8 scrolls of teleportation
 x - 10 scrolls of remove curse
 E - 2 scrolls of fear
Potions
 b - 3 potions of flight
 h - a potion of haste
 i - a potion of cancellation
 k - 4 potions of mutation
 l - 2 potions of lignification
 q - 2 potions of curing
 w - a potion of heal wounds
 I - 3 potions of ambrosia
Miscellaneous
 C - a tin of tremorstones (1/3)
   (You found it on level 12 of the Dungeon)


   Skills:
 * Level 14.7 Fighting
 - Level 16.0 Axes
 + Level 12.8 Armour
 + Level 12.8 Shields
 + Level 14.1 Invocations
 - Level 10.0 Evocations


You had 15 spell levels left.
You didn't know any spells.
Your spell library was empty.

Dungeon Overview and Level Annotations

Branches:
Dungeon (15/15)            Temple (1/1) D:4            Lair (3/6) D:10
 Shoals (4/4) Lair:2       Spider (4/4) Lair:2          Orc (2/2) D:12
    Elf (0/3) Orc:2        Vaults (0/5) D:14         Depths (0/5) D:15

Altars:
Ashenzari
Cheibriados
Dithmenos
Fedhas
Gozag
Hepliaklqana
Kikubaaqudgha
Makhleb
Okawaru
Ru
Sif Muna
Trog
Uskayaw
Wu Jian
Xom
Zin
The Shining One
Beogh

Shops:
D:8 =   D:14 =   Orc:2 !*}!   Shoals:1 *

Annotations:
D:4 1 runed translucent door, p0werm0de's ghost, weakling GrFi
D:11 1 runed translucent door
D:13 4 runed translucent doors
Lair:2 2 transporters, Kecisof's ghost, journeyman DDFi


Innate Abilities, Weirdness & Mutations

You are resistant to damage.
You can heal yourself by infusing magical energy.
You resist negative energy. (rN+)
You passively map the area around you.
You do not regenerate.


Message History

You block the snapping turtle's attack.
You closely miss the merfolk impaler.
The merfolk impaler is severely wounded.
You barely miss the merfolk aquamancer. You block the merfolk's attack.
The merfolk aquamancer gestures at you while chanting.
The shard of ice hits you!
* * * LOW HITPOINT WARNING * * *
A water elemental comes into view.
The merfolk impaler closely misses you.
The merfolk javelineer throws a silver javelin.
The silver javelin pierces through you!
* * * LOW HITPOINT WARNING * * *
A sea snake comes into view.
You block the merfolk impaler's attack.
Unknown command.
You slice the merfolk impaler!!
The merfolk impaler is almost dead.
Your shield prevents you from hitting the merfolk aquamancer.
The snapping turtle bites you from afar!
You die...

≈≈≈≈≈≈≈≈≈≈≈≈≈......≈≈≈≈≈≈
≈P≈≈≈≈≈≈≈≈≈≈≈........≈≈..
,,
≈≈≈≈≈≈≈≈≈≈≈≈≈......≈.≈≈.# ,
, P≈≈≈≈≈≈≈≈≈≈#####....≈.≈..
P≈≈≈≈..)..##?..##....≈≈.. ≈
≈≈≈≈≈...m.#†....#.###.... ≈
≈,≈≈≈≈≈..mmt†..=..#.##.†..≈
≈ ≈
≈≈≈≈≈≈.†≈≈#)....#..#..<≈≈
≈≈≈ ≈
≈≈≈≈≈≈≈mm@m##...##..#..[≈≈
≈
**#SE##≈#≈≈≈.#####..##..≈≈≈
≈≈** ..,
##≈≈)...≈≈.......≈.≈≈ .,
##≈≈≈..≈≈≈≈......≈≈≈ , * ≈
##(...)≈≈≈≈≈....≈≈≈ ,, ,,,
, #≈..(.≈≈≈≈≈≈.≈≈≈≈≈ , ,
≈≈≈ ≈.≈......≈≈≈≈≈≈≈≈≈≈≈ ,
, ≈..≈......≈≈≈≈...≈≈≈ ,
...#.......≈≈.....≈≈


You could see 3 merfolk impalers, a merfolk javelineer, a sea snake, a merfolk
aquamancer, a snapping turtle, a merfolk and a water elemental.

Vanquished Creatures
  Nikola (Spider:4)
  Rupert (D:15)
  Polyphemus (Shoals:2)
  Kirke (D:12)
  3 entropy weavers
  Nessos (D:13)
  A spark wasp (Spider:4)
  A merfolk impaler (Shoals:4)
  Erolcha (Orc:1)
  4 vault guards (D:14)
  4 hydras
  A catoblepas (Shoals:2)
  8 centaur warriors
  3 merfolk avatars
  A tengu warrior (D:15)
  A death knight (D:14)
  A merfolk aquamancer (Shoals:2)
  3 two-headed ogres
  3 death yaks (Shoals:2)
  A satyr (Shoals:3)
  A deep troll earth mage (D:12)
  Urug (Lair:2)
  4 orc high priests (Orc:2)
  Nergalle (Lair:1)
  3 skeletal warriors (D:13)
  7 sea snakes
  3 unseen horrors
  3 harpies (Shoals:3)
  A wizard (D:12)
  11 wolf spiders
  A necromancer (D:15)
  5 ugly things
  9 manticores
  A phantasmal warrior (D:12)
  4 orc sorcerers
  A wolf spider zombie (D:15)
  5 orb spiders
  3 deep elf magi
  A moth of wrath (Spider:4)
  4 cyclopes
  Maurice (D:13)
  The ghost of p0werm0de the Skirmisher, a novice GrFi of Ru (D:6)
  2 fauns (Shoals:3)
  2 merfolk sirens (Shoals:3)
  A black mamba (shapeshifter) (D:15)
  3 water nymphs (Shoals:4)
  A black mamba (Lair:2)
  2 cane toads (Lair:3)
  An ice statue (Lair:2)
  4 elephants (Lair:3)
  2 naga magi (D:15)
  A torpor snail (Spider:2)
  A rime drake (Lair:2)
  4 kobold demonologists
  2 freezing wraiths
  5 komodo dragons
  7 demonic crawlers
  A redback zombie (D:15)
  A rime drake (shapeshifter) (D:15)
  10 merfolk
  2 tengu conjurers (D:14)
  11 jumping spiders
  2 wind drakes
  2 trolls
  3 polar bears (Lair:2)
  3 hornets
  2 harpy skeletons (D:15)
  Prince Ribbit (D:5)
  5 slime creatures (D:15)
  4 snapping turtles
  6 hippogriffs
  A centaur simulacrum (D:15)
  37 redbacks
  38 yaks
  3 hogs (D:12)
  22 tarantellas
  2 wyverns
  A shadow (D:13)
  3 wraiths
  5 basilisks
  6 water elementals
  A golden eye (shapeshifter) (D:12)
  6 vampire mosquitoes
  A soldier ant (D:13)
  2 wargs (Orc:2)
  An acid dragon (D:12)
  8 water moccasins
  A water moccasin (shapeshifter) (D:14)
  5 porcupines
  A swamp drake (D:12)
  28 orc warriors
  A black bear (D:9)
  6 sky beasts
  3 phantoms
  14 ice beasts
  An eye of draining (D:12)
  A hornet zombie (D:13)
  10 ogres
  A necrophage (D:9)
  3 wolves (Lair:2)
  3 boggarts (D:14)
  15 centaurs
  5 crocodiles
  2 big kobolds
  12 bullfrogs
  A wyvern zombie (D:6)
  A wyvern skeleton (D:8)
  4 scorpions
  2 water moccasin skeletons
  13 killer bees
  10 wights
  3 electric eels
  5 howler monkeys
  4 centaur zombies
  A bullfrog zombie (D:11)
  5 jellies
  3 hounds
  2 gnoll shamans
  30 orc priests
  4 bullfrog skeletons
  6 centaur skeletons
  Jessica (D:2)
  21 orc wizards
  2 iguanas
  6 worker ants
  A killer bee zombie (D:5)
  3 hound zombies
  3 hound skeletons
  3 worker ant zombies
  A howler monkey skeleton (D:9)
  15 gnolls
  13 adders
  A shadow imp (D:8)
  6 white imps
  2 ufetubi
  An ooze (D:7)
  4 adder zombies
  5 worms (D:2)
  2 dart slugs
  2 leopard geckos
  90 orcs
  7 giant cockroaches
  3 goblins
  3 hobgoblins
  6 jackals (D:5)
  11 kobolds
  4 quokkas
  2 ball pythons
  2 bats
  2 frilled lizards
  A jackal skeleton (D:5)
  2 leopard gecko skeletons (D:5)
  A leopard gecko zombie (D:6)
  A quokka skeleton (D:5)
  4 quokka zombies (D:5)
  A rat (D:2)
778 creatures vanquished.

Vanquished Creatures (collateral kills)
  2 hydras
  2 orb spiders
  5 wolf spiders (Spider:4)
  A moth of wrath (Spider:4)
  A torpor snail (Spider:4)
  A demonic crawler (Spider:4)
  4 jumping spiders (Spider:4)
  2 hornets
  A tarantella (Spider:2)
  5 redbacks
  A yak (D:11)
  An orc (D:11)
26 creatures vanquished.

Vanquished Creatures (others)
  A merfolk (Shoals:4)
  A jumping spider (Spider:4)
  2 redbacks (Spider:4)
  A tarantella (Spider:4)
  A human (D:12)
  An ogre (D:12)
  A hound (D:12)
  An adder (D:12)
  9 fungi
  27 plants
  2 withered plants (D:4)
47 creatures vanquished.

Grand Total: 851 creatures vanquished

Notes
Turn   | Place    | Note
-------+----------+-------------------------------------------
     0 | D:1      | Flugslaktarn the Deep Dwarf Fighter began the quest for the
                  | Orb.
     0 | D:1      | Reached XP level 1. HP: 20/20 MP: 1/1
    45 | D:1      | Reached XP level 2. HP: 24/27 MP: 2/2
   117 | D:2      | Reached XP level 3. HP: 29/34 MP: 3/3
   123 | D:2      | Noticed Jessica
   129 | D:2      | Reached skill level 3 in Axes
   131 | D:2      | Killed Jessica
   131 | D:2      | Reached XP level 4. HP: 35/42 MP: 4/4
   441 | D:4      | Noticed a phantom
   457 | D:4      | Reached XP level 5. HP: 33/50 MP: 4/4
   496 | D:4      | Killed a phantom
   496 | D:4      | Reached skill level 4 in Axes
   645 | D:4      | Reached XP level 6. HP: 53/57 MP: 5/5
   651 | D:4      | Found a runed translucent door.
   651 | D:4      | Noticed p0werm0de's ghost (weakling GrFi)
   664 | D:4      | Found a staircase to the Ecumenical Temple.
   714 | Temple   | Entered the Ecumenical Temple
   848 | Temple   | Became a worshipper of Makhleb the Destroyer
  1168 | D:5      | Entered Level 5 of the Dungeon
  1190 | D:5      | Found an opulent altar of Gozag.
  1191 | D:5      | Noticed an ice beast
  1191 | D:5      | Noticed a sky beast
  1205 | D:5      | Killed an ice beast
  1205 | D:5      | Reached skill level 5 in Axes
  1205 | D:5      | Reached skill level 1 in Invocations
  1225 | D:5      | Killed a sky beast
  1225 | D:5      | Reached XP level 7. HP: 45/66 MP: 5/7
  1248 | D:5      | Found an ancient bone altar of Kikubaaqudgha.
  1252 | D:5      | Found a sacrificial altar of Ru.
  1283 | D:5      | Noticed Prince Ribbit
  1333 | D:5      | Killed Prince Ribbit
  1333 | D:5      | Reached skill level 5 in Fighting
  1333 | D:5      | Reached skill level 5 in Shields
  1383 | D:5      | Reached skill level 5 in Armour
  1395 | D:5      | Reached * piety under Makhleb
  1439 | D:5      | Reached skill level 6 in Axes
  1439 | D:5      | Reached XP level 8. HP: 48/74 MP: 7/7
  1563 | D:5      | Found a broken altar of Ashenzari.
  1965 | D:6      | Found a runed translucent gate.
  1966 | D:6      | Found a runed translucent gate.
  1966 | D:6      | Noticed p0werm0de's ghost (novice GrFi)
  1967 | D:6      | Found a runed translucent gate.
  1968 | D:6      | Identified the +5 trident of Disgust {vorpal, Str+3}
  1973 | D:6      | Found a roughly hewn altar of Beogh.
  2050 | D:6      | Reached ** piety under Makhleb
  2304 | D:6      | Reached skill level 7 in Axes
  3066 | D:7      | Gained mutation: You passively map the area around you.
                  | [Deep Dwarf growth]
  3066 | D:7      | Reached XP level 9. HP: 58/85 MP: 7/7
  3200 | D:7      | You fall into a shaft and drop 1 floor!
  3211 | D:8      | Reached *** piety under Makhleb
  3211 | D:8      | Reached skill level 5 in Invocations
  3269 | D:7      | Reached skill level 8 in Axes
  3647 | D:6      | Killed p0werm0de's ghost
  4026 | D:8      | Found Ceheliats's Jewellery Boutique.
  4067 | D:8      | Reached XP level 10. HP: 29/96 MP: 6/6
  4073 | D:8      | Reached skill level 9 in Axes
  4256 | D:8      | Reached **** piety under Makhleb
  4604 | D:9      | Found an iron altar of Okawaru.
  4613 | D:9      | Noticed a two-headed ogre
  4629 | D:9      | Killed a two-headed ogre
  5240 | D:9      | Noticed a two-headed ogre
  5251 | D:9      | Killed a two-headed ogre
  5251 | D:9      | Reached skill level 10 in Axes
  5585 | D:10     | Entered Level 10 of the Dungeon
  5629 | D:10     | Reached XP level 11. HP: 60/106 MP: 7/7
  5711 | D:10     | Killed an unseen horror
  5808 | D:10     | Noticed a two-headed ogre
  5821 | D:10     | Killed a two-headed ogre
  6039 | D:10     | Found a staircase to the Lair.
  6385 | D:11     | Reached ***** piety under Makhleb
  6468 | D:11     | Noticed a seven-headed hydra
  6499 | D:11     | Killed an eight-headed hydra
  6499 | D:11     | Reached skill level 11 in Axes
  6557 | D:11     | Paralysed by a hornet for 3 turns
  6668 | D:11     | Noticed a sun demon
  6669 | D:11     | Noticed a sixfirhy
  6825 | D:11     | Found a runed translucent door.
  6825 | D:11     | Noticed a sixfirhy
  7109 | D:12     | Noticed a centaur warrior
  7109 | D:12     | Noticed a wizard
  7130 | D:12     | Killed a centaur warrior
  7140 | D:12     | Killed a wizard
  7140 | D:12     | Reached skill level 10 in Fighting
  7180 | D:12     | Noticed Kirke
  7182 | D:12     | Reached XP level 12. HP: 58/116 MP: 4/4
  7214 | D:12     | Killed Kirke
  7230 | D:12     | Reached skill level 12 in Axes
  7274 | D:12     | Noticed a deep troll earth mage
  7276 | D:12     | Reached skill level 1 in Evocations
  7297 | D:12     | Killed a deep troll earth mage
  7725 | D:12     | Reached skill level 14 in Axes
  7725 | D:12     | Reached XP level 13. HP: 97/126 MP: 5/5
  7807 | D:12     | Reached skill level 10 in Invocations
  8039 | D:12     | Found a staircase to the Orcish Mines.
  8268 | D:13     | Found a runed translucent door.
  8277 | D:13     | Found a runed translucent door.
  8311 | D:13     | Found a runed translucent door.
  8345 | D:13     | Found a runed translucent door.
  8381 | D:13     | Noticed Maurice
  8394 | D:13     | Killed Maurice
  8877 | D:13     | Noticed Nessos
  8916 | D:13     | Killed Nessos
  8959 | D:13     | Found a frozen archway.
  9198 | D:13     | Reached ****** piety under Makhleb
  9219 | D:13     | Gained mutation: You resist negative energy. (rN+) [Deep
                  | Dwarf growth]
  9219 | D:13     | Reached XP level 14. HP: 90/135 MP: 4/4
  9369 | D:14     | Reached skill level 10 in Shields
  9513 | D:14     | Reached skill level 10 in Armour
  9537 | D:14     | Reached skill level 15 in Axes
  9585 | D:14     | Reached skill level 5 in Evocations
  9659 | D:14     | Found a gate to the Vaults.
  9814 | D:14     | Found Paqeiraw's Jewellery Emporium.
 10322 | D:8      | Bought the ring "Otoph" {*Drain +Fly rF+ MR++ EV+4} for 768
                  | gold pieces
 10493 | D:15     | Entered Level 15 of the Dungeon
 10831 | D:15     | Noticed Rupert
 10865 | D:15     | Killed Rupert
 11164 | D:15     | Found a staircase to the Depths.
 11554 | Lair:1   | Entered Level 1 of the Lair of Beasts
 11776 | Lair:1   | Noticed Nergalle
 11806 | Lair:1   | Killed Nergalle
 11839 | Lair:1   | Reached XP level 15. HP: 139/146 MP: 5/5
 11961 | Lair:2   | Noticed Urug
 11968 | Lair:2   | Reached skill level 16 in Axes
 11974 | Lair:2   | Killed Urug
 12016 | Lair:2   | Found a staircase to the Shoals.
 12226 | Lair:2   | Noticed Kecisof's ghost (journeyman DDFi)
 12239 | Lair:2   | Found a transporter.
 12243 | Lair:2   | Found a transporter.
 12559 | Lair:2   | Found a hole to the Spider Nest.
 12850 | Lair:2   | Identified a scroll of acquirement
 12850 | Lair:2   | Acquired the ring "Fetic" {rPois rF+ Str+4}
 12977 | Orc:1    | Entered Level 1 of the Orcish Mines
 12993 | Orc:1    | Noticed Erolcha
 13031 | Orc:1    | Killed Erolcha
 13237 | Orc:1    | Found a roughly hewn altar of Beogh.
 13486 | Orc:2    | Entered Level 2 of the Orcish Mines
 13661 | Orc:2    | Found Utozul's Assorted Antiques.
 13661 | Orc:2    | Found Igohycon's Distillery.
 13661 | Orc:2    | Found Meomag's Gadget Boutique.
 13673 | Orc:2    | Found Gage's Distillery.
 14110 | Orc:2    | Found a staircase to the Elven Halls.
 14295 | Orc:2    | Bought a broad axe for 92 gold pieces
 14467 | Spider:1 | Entered Level 1 of the Spider Nest
 15260 | Spider:3 | Reached XP level 16. HP: 156/158 MP: 6/6
 15275 | Spider:4 | Entered Level 4 of the Spider Nest
 15340 | Spider:4 | Noticed Nikola
 15372 | Spider:4 | Killed Nikola
 15503 | Spider:4 | Reached skill level 10 in Evocations
 15541 | Spider:4 | Got a gossamer rune of Zot
 15737 | Shoals:1 | Entered Level 1 of the Shoals
 15774 | Shoals:1 | Found Enluedd's Mayhem Merchandise.
 15825 | Shoals:2 | Noticed Polyphemus
 15909 | Shoals:2 | Killed Polyphemus
 16320 | Shoals:4 | Entered Level 4 of the Shoals
 16513 | Shoals:4 | HP: 11/240 [merfolk javelineer/silver javelin (5)]
 16514 | Shoals:4 | Slain by a snapping turtle

Illustrated notes

Levels and vault maps discovered:
D:1:      lightli_arrival_statue_moat, layout_rooms
D:2:      layout_loops_corners, uniq_jessica
D:3:      layout_loops_corners, chequers_ecumenical_altar_simple,
          portal_sewer_entry_d
D:4:      layout_rooms, minmay_temple_entry_enclosed_plants, serial_curves,
          eino_curves_02, eino_curves_04, gammafunk_ghost_grave
D:5:      layout_rooms, lemuel_doored_altar, old_standard_altar,
          grunt_temple_overflow_open, serial_undead, serial_undead_c,
          serial_undead_e, serial_undead_a, serial_undead_d,
          minmay_misc_feat_five, uniq_prince_ribbit1
D:6:      layout_loops_ring, biasface_ghost_orc_armoury,
          kennysheep_generic_room_12
D:7:      cheibrodos_quashed, layout_loops_ring
D:8:      layout_basic, serial_shops, shop, st_stairs_4
D:9:      layout_stronghold, okawaru_ov_weapons_minmay
D:10:     minmay_klotski, layout_long_grid, minmay_stone_trees_small,
          kennysheep_small_square
D:11:     cheibrodos_shockbox, layout_cave_pods, serial_bayou_pond_a
D:12:     minmay_expanding_squares, layout_long_grid, hiddenorc1_lemuel, pond,
          uniq_kirke
D:13:     layout_loops_corners, portal_ice_cave_entry_pillars_2,
          minmay_statue_crystal_thing, uniq_nessos, uniq_maurice
D:14:     layout_basic, lightli_vaults_fourway_checkpoint, serial_shops,
          nicolae_shop_trees, chequers_decorated_corner
D:15:     grunt_enter_depths_magical_seal, layout_loops_ring,
          minmay_misc_feat_secret_circle, uniq_rupert
Temple:   dpeg_five_rooms_temple
Lair:1:   layout_long_grid, serial_bayou_shore_a, grunt_megastairs_3,
          infiniplex_staircase_pool_2, uniq_nergalle
Lair:2:   layout_chaotic_city, shoals_dummy_entry,
          nicolae_spider_entry_orb_guardian, gammafunk_ghost_hive, serial_bayou,
          serial_bayou_pond_b, serial_bayou_pond_a, serial_bayou_pond_b,
          serial_bayou_pond_a, ice2_lemuel, uniq_urug
Lair:3:   cheibrodos_lair_river_kwai, layout_hall_layers, grunt_megastairs_5
Shoals:1: layout_shoals, minmay_shop_mayhem
Shoals:2: layout_shoals, uniq_polyphemus
Shoals:3: layout_shoals, nicolae_shoals_arrival_archipelago, uniq_ilsuiw
Shoals:4: shoals_end_simple, layout_shoals, nicolae_shoals_kraken_intersection
Spider:1: layout_spider_delve, nicolae_spider_webs_and_nodes
Spider:2: layout_spider_delve
Spider:3: spiders_nest_a, uniq_agnes, uniq_asterion
Spider:4: grunt_spider_rune_parallel, uniq_nikola
Orc:1:    nicolae_orc_accident_2, layout_caves, uniq_erolcha
Orc:2:    st_orc_mages, layout_diamond_mine

Skill      XL: |  1  2  3  4  5  6  7  8  9 10 11 12 13 14 15 16 |
---------------+-------------------------------------------------+-----
Fighting       | 3 4 5 6 7 9 10 11 12 13 14 | 14.7
Axes           | 3 4 5 6 7 8 10 11 14 15 16 | 16.0
Armour         | 4 5 6 7 8 9 10 11 12 | 12.8
Shields        | 4 5 6 7 9 10 11 12 | 12.8
Invocations    | 1 3 4 6 7 9 10 11 13 14 | 14.1
Evocations     | 2 4 7 9 10 | 10.0

Action                   |  1- 3 |  4- 6 |  7- 9 | 10-12 | 13-15 | 16-18 || total
-------------------------+-------+-------+-------+-------+-------+-------++-------
Melee: War axe           |    45 |   152 |   513 |   601 |  1537 |       ||  2848
       Broad axe         |       |       |       |       |   261 |   526 ||   787
Invok: Lesser Servant of |       |       |       |     3 |     8 |       ||    11
       Greater Servant o |       |       |       |       |     1 |     6 ||     7
 Abil: Heal Wounds       |       |     4 |    20 |    17 |    21 |    29 ||    91
Evoke: Wand              |       |       |       |     2 |    15 |       ||    17
       Tin of tremorston |       |       |       |       |    12 |     5 ||    17
  Use: Scroll            |       |       |     9 |    11 |     9 |     4 ||    33
       Potion            |       |       |     1 |     2 |     7 |    11 ||    21
 Stab: Petrified         |       |       |       |       |       |    15 ||    15
       Distracted        |       |       |       |       |       |     2 ||     2
       Petrifying        |       |       |       |       |       |     1 ||     1
Armor: Scale mail        |    18 |    68 |    14 |       |       |       ||   100
       Plate armour      |       |       |   300 |   475 |  1022 |   475 ||  2272
Dodge: Dodged            |    17 |    37 |    99 |   122 |   488 |   214 ||   977
Block: Kite shield       |    24 |    70 |   302 |   378 |   332 |       ||  1106
       Tower shield      |       |       |       |       |  1222 |   805 ||  2027

Table legend: (Time is in decaauts)
 A = Elapsed time spent in this place.
 B = Non-inter-level travel time spent in this place.
 C = Inter-level travel time spent in this place.
 D = Time resting spent in this place.
 E = Time spent auto-exploring this place.
 F = Levels seen in this place.
 G = Mean time per level.
                   A        B        C        D        E       F      G
               +--------+--------+--------+--------+--------+-----+--------+
         Total |  16401 |  14667 |   1734 |    175 |   8765 |  29 |  565.6 |
       Dungeon |  11604 |  10417 |   1187 |     46 |   6743 |  15 |  773.6 |
        Temple |    186 |    103 |     83 |      0 |    101 |   1 |  186.0 |
          Lair |   1495 |   1235 |    260 |    125 |    557 |   3 |  498.3 |
        Shoals |    764 |    728 |     36 |      0 |    156 |   4 |  191.0 |
   Spider Nest |   1040 |    922 |    118 |      4 |    266 |   4 |  260.0 |
  Orcish Mines |   1308 |   1261 |     47 |      0 |    941 |   2 |  654.0 |
               +--------+--------+--------+--------+--------+-----+--------+

Top non-repeatable levels by time:
    D:12: 1297 daAuts
     D:6: 1173 daAuts
    D:13: 1146 daAuts
     D:9: 1104 daAuts
    D:15: 901 daAuts
    D:11: 890 daAuts
     D:8: 878 daAuts
    D:14: 851 daAuts
  Lair:2: 808 daAuts
   Orc:2: 800 daAuts
     D:7: 797 daAuts
    D:10: 790 daAuts
     D:5: 722 daAuts
     D:4: 624 daAuts
  Lair:1: 573 daAuts
